Map: Submarine LE

Players

jheffe

  • Race: Terran Terran
  • League: Master
  • Spawn Location: 11:00

Vindicta - Winner!

  • Race: Terran Terran
  • League: Master
  • Spawn Location: 5:00

Event: DreamHack SC2 Masters 2020 Summer North America

VOD

Have the link to the VOD?

Description

Time

  • Played on: July 4, 2020, 4:39 p.m.
  • Length: 7:16

All games in this series

Show
View Real Time Build Order
Export as new Build Order

jheffe Terran 

Build Orders:  

Get SALT Encoding   

  12  0:00  SCV  
  13  0:13  SCV  
  14  0:17  Supply Depot  
  14  0:25  SCV  
  14  0:28  Refinery  
  15  0:38  SCV  
  16  0:44  Barracks  
  16  0:50  SCV  
  16  0:54  Refinery  
  17  1:03  SCV  
  18  1:15  SCV  
  19  1:31  Reaper, Orbital Command  
  20  1:34  Factory  
  20  1:42  Supply Depot  
  20  1:56  SCV  
  21  2:03  Reaper  
  22  2:08  SCV  
  23  2:18  Hellion  
  23  2:20  SCV  
  26  2:29  Command Center  
  26  2:33  SCV  
  26  2:35  Barracks Reactor  
  27  2:40  Factory Tech Lab  
  27  2:44  Supply Depot  
  27  2:45  SCV  
  28  2:57  SCV, Starport  
  29  3:06  Cyclone  
  29  3:09  SCV  
  33  3:13  Marine x2  
  35  3:21  SCV  
  36  3:32  Marine x2  
  36  3:33  SCV  
  39  3:40  Viking, Cyclone  
  44  3:43  Orbital Command  
  43  3:57  Marine x2  
  43  3:58  SCV  
  46  4:14  Siege Tank  
  49  4:19  SCV  
  49  4:20  SCV  
  50  4:31  SCV  
  50  4:32  SCV  
  50  4:33  Starport Tech Lab, Marine x2  
  50  4:37  Refinery  
  54  4:49  SCV x2, Supply Depot, Siege Tank  
  52  5:01  SCV  
  48  5:08  SCV, Raven, Marine x2  
  48  5:13  SCV  
  54  5:15  Supply Depot  
  54  5:20  SCV  
  55  5:23  Command Center  
  55  5:25  SCV, Siege Tank  
  59  5:28  Marine  
  59  5:32  SCV  
  61  5:38  SCV, Supply Depot  
  62  5:42  Supply Depot  
  62  5:44  SCV  
  62  5:45  Refinery  
  63  5:50  SCV  
  63  5:56  SCV  
  65  5:57  Siege Tank  
  65  6:00  Viking x2  
  65  6:02  SCV  
  73  6:08  SCV  
  73  6:10  Supply Depot  
  74  6:14  SCV  
  75  6:20  SCV  
  76  6:26  SCV  
  76  6:28  Engineering Bay  
  76  6:30  Viking x2, Engineering Bay  
  76  6:31  Siege Tank  
  85  6:32  SCV  
  85  6:38  SCV  
  86  6:41  Orbital Command  
  86  6:46  SCV  
  86  6:50  Barracks x2  
  86  6:54  SCV  
  87  6:58  SCV  
Show
View Real Time Build Order
Export as new Build Order

Vindicta Terran - Winner!

Build Orders: 1/1/1, Liberator Opening 

Get SALT Encoding   

  12  0:00  SCV  
  13  0:12  SCV  
  14  0:17  Supply Depot  
  14  0:25  SCV  
  15  0:32  Refinery  
  15  0:38  SCV  
  16  0:43  Barracks  
  16  0:50  SCV  
  16  0:53  Refinery  
  17  1:03  SCV  
  18  1:15  SCV  
  19  1:30  Reaper, Orbital Command  
  20  1:35  Factory  
  20  1:43  Supply Depot  
  20  1:55  SCV  
  21  2:05  Barracks Reactor  
  21  2:07  SCV  
  22  2:19  Hellion, Starport  
  22  2:20  SCV  
  25  2:31  Supply Depot  
  25  2:32  SCV  
  26  2:41  Hellion  
  26  2:42  Reaper x2  
  31  2:55  Medivac  
  33  3:02  Supply Depot, Hellion  
  34  3:06  SCV  
  35  3:14  Reaper x2  
  37  3:24  Factory Tech Lab  
  38  3:30  Liberator  
  40  3:39  Command Center  
  40  3:46  Marine x2  
  42  3:51  Cyclone  
  45  4:04  Marine x2  
  45  4:07  Refinery  
  47  4:10  Supply Depot  
  47  4:13  Supply Depot  
  47  4:22  Starport Tech Lab  
  47  4:23  SCV  
  43  4:31  Marine x2  
  43  4:35  Siege Tank  
  43  4:37  SCV  
  49  4:49  SCV  
  49  4:50  Raven  
  50  4:58  Marine  
  45  5:03  SCV  
  40  5:09  Orbital Command  
  40  5:11  Siege Tank  
  43  5:15  SCV  
  45  5:23  Marine x2  
  45  5:27  SCV  
  46  5:33  Raven  
  46  5:35  SCV  
  49  5:39  SCV  
  49  5:41  Marine x2  
  52  5:47  SCV  
  52  5:49  Siege Tank  
  56  5:51  SCV  
  56  5:57  Command Center  
  57  6:00  SCV  
  57  6:02  Marine  
  57  6:03  SCV  
  60  6:08  Supply Depot  
  60  6:09  Marine  
  61  6:15  SCV  
  61  6:16  SCV, Raven  
  65  6:19  Marine  
  66  6:28  SCV, Marine  
  66  6:31  Supply Depot, Siege Tank  
  71  6:33  SCV  
  71  6:37  Marine  
  70  6:46  Marine  
  71  6:48  SCV  
  71  6:51  SCV  
  71  6:53  Barracks  
  71  6:54  Supply Depot, Barracks  
  73  6:57  Marine  
  73  7:00  SCV  
  74  7:03  SCV  
Tags
 
Add a new tag
Caveats
  • Supply blocks, unpowered buildings, or Contaminate may cause inaccurate times.
  • Supply counts are checked every 10 seconds.